 Dungeon Crawl Stone Soup version 0.29-a0-824-gd827844252 (webtiles) character file.

Game seed: 8862273996320582664

17 Spectrina the Trooper (level 2, -3/24 HPs)
             Began as a Human Monk on July 11, 2022.
             Was a Plaything of Xom.
             Succumbed to a kobold's poison
             ... on level 1 of the Dungeon.
             The game lasted 00:01:21 (182 turns).

Spectrina the Trooper (Human Monk)                   Turns: 182, Time: 00:01:21

Health: -3/24      AC:  2    Str: 11    XL:     2   Next: 80%
Magic:  2/2        EV: 13    Int: 10    God:    Xom [..*...]
Gold:   0          SH:  0    Dex: 15    Spells: 1/1 levels left

rFire   . . .      SeeInvis .   a - +0 mace
rCold   . . .      Faith    .   (no shield)
rNeg    . . .      Spirit   .   b - +0 robe
rPois   .          Reflect  .   (no helmet)
rElec   .          Harm     .   (no cloak)
rCorr   .          Rampage  .   (no gloves)
Will    .....                   (no boots)
Stlth   ++........              (no amulet)
HPRegen 0.08/turn               (no ring)
MPRegen 0.08/turn               (no ring)

@: lethally poisoned (-3 -> -21)
A: no striking features
a: Renounce Religion


You were on level 1 of the Dungeon.
You worshipped Xom.
You were a toy of Xom.
You visited 1 branch of the dungeon, and saw 1 of its levels.

Inventory:

Hand Weapons
 a - a +0 mace (weapon)
Armour
 b - a +0 robe (worn)
Scrolls
 c - a scroll of vulnerability {unknown}
 d - a scroll of noise {unknown}


   Skills:
 + Level 3.3 Fighting
 + Level 3.3 Maces & Flails
 - Level 3.0 Dodging
 + Level 2.4 Stealth


You had one spell level left.
You didn't know any spells.
Your spell library was empty.

Dungeon Overview and Level Annotations

Branches:
Dungeon (1/15)

Altars:
Xom


Message History

The endoplasm closely misses you.
You hit the endoplasm.
You kill the endoplasm!
Really walk into that dispersal trap?
You enter a dispersal trap!
You blink.
Found a dagger.
A kobold and a ball python come into view.
The kobold is wielding a +2 dagger of venom.
Found a stone staircase leading down.
The helpless ball python fails to defend itself.
You hit the ball python.
The ball python is moderately wounded.
The ball python barely misses you. The ball python grabs you.
The ball python constricts you. The ball python barely misses you.
The ball python constricts you.
You hit the ball python.
You kill the ball python!
The kobold throws a stone.
The stone closely misses you. The kobold hits you but does no damage.
You are poisoned.
You barely miss the kobold.
You feel very sick.
The kobold hits you with a +2 dagger of venom.
You are lethally poisoned!
The kobold barely misses you.
You hit the kobold.
The kobold is moderately wounded.
You feel very sick.
The kobold hits you with a +2 dagger of venom.
You are more poisoned.
You aren't carrying any potions.
You hit the kobold.
The kobold is severely wounded.
* * * LOW HITPOINT WARNING * * *
You feel very sick. The kobold misses you.
You hit the kobold.
You kill the kobold!
You die...
Xom thinks this is hilarious!

#.# #.# #.#
#^# #.# #.#
#.# #
#.###.###.#
#..@>.....#
#.###.#####
#.# # #.#
#.# #). #..
##


There were no monsters in sight!

Vanquished Creatures
  4 ball pythons (D:1)
  A bat (D:1)
  3 endoplasms (D:1)
  A goblin (D:1)
  2 hobgoblins (D:1)
  A quokka (D:1)
  2 kobolds (D:1)
  A rat (D:1)
15 creatures vanquished.

Notes
Turn   | Place    | Note
-------+----------+-------------------------------------------
     0 | D:1      | Spectrina the Human Monk began the quest for the Orb.
     0 | D:1      | Reached XP level 1. HP: 18/18 MP: 1/1
    22 | D:1      | Found a faded altar of an unknown god.
    56 | D:1      | Reached XP level 2. HP: 24/24 MP: 2/2
    61 | D:1      | Prayed at the altar of an unknown god.
    61 | D:1      | Became a worshipper of Xom of Chaos
   182 | D:1      | Succumbed to a kobold's poison

Illustrated notes

Levels and vault maps discovered:
D:1:      saegor_arrival_simple_c, layout_loops_ring,
          ebering_ecumenical_altar_sacrificial

Action                   || total
-------------------------++-------
Melee: Mace              ||    46
  Use: Potion            ||     1
 Stab: Sleeping          ||     2
Armor: Robe              ||     6
Dodge: Dodged            ||    39

Table legend: (Time is in decaauts)
 A = Elapsed time spent in this place.
 B = Non-inter-level travel time spent in this place.
 C = Inter-level travel time spent in this place.
 D = Time resting spent in this place.
 E = Time spent auto-exploring this place.
 F = Levels seen in this place.
 G = Mean time per level.
                   A        B        C        D        E       F      G
               +--------+--------+--------+--------+--------+-----+--------+
         Total |    192 |    192 |      0 |      0 |      0 |   1 |  192.0 |
       Dungeon |    192 |    192 |      0 |      0 |      0 |   1 |  192.0 |
               +--------+--------+--------+--------+--------+-----+--------+

Top non-repeatable levels by time:
     D:1: 192 daAuts
